Map: Chantier naval orbital

Players

IIIIIIIIIIII - Winner!

  • Race: Protoss Protoss
  • League: Bronze

AgCl

  • Race: Protoss Protoss
  • League: Silver

VOD

Have the link to the VOD?

Description

Time

  • Played on: July 14, 2015, 5:32 a.m.
  • Length: 5:18
Show
View Real Time Build Order
Export as new Build Order

IIIIIIIIIIII Protoss - Winner!

Build Orders: Mass Adepts 

Get SALT Encoding   

  12  0:01  Probe  
  13  0:16  Pylon  
  13  0:18  Probe  
  14  0:34  Probe (Chrono Boost)  
  15  0:35  Gateway  
  15  0:44  Assimilator  
  15  0:46  Probe (Chrono Boost)  
  16  0:52  Probe (Chrono Boost)  
  17  1:01  Gateway  
  17  1:04  Probe  
  18  1:09  Pylon  
  18  1:16  Probe  
  19  1:29  Cybernetics Core  
  19  1:30  Probe  
  20  1:37  Assimilator  
  20  1:42  Probe  
  21  1:55  Probe (Chrono Boost)  
  22  2:05  Warp Gate (Chrono Boost)  
  22  2:07  Probe (Chrono Boost)  
  22  2:08  Adept x2  
  27  2:16  Pylon  
  27  2:36  Gateway  
  27  2:42  Adept x2  
  31  2:44  Gateway  
  31  3:01  Probe  
  31  3:19  Pylon  
  31  3:24  Adept x2 (Chrono Boost)  
  37  3:46  Pylon  
  33  4:00  Adept x4  
  38  4:22  Stalker x4  
  38  4:46  Stalker  
  38  4:47  Stalker x2  
  38  4:50  Stalker  
  44  5:11  Stalker x2  
  46  5:16  Adept  
Show
View Real Time Build Order
Export as new Build Order

AgCl Protoss 

Build Orders: Oracle Opening 

Get SALT Encoding   

  12  0:24  Probe  
  12  0:26  Pylon  
  13  0:35  Assimilator  
  13  0:36  Probe  
  14  0:48  Probe (Chrono Boost)  
  15  0:51  Gateway  
  15  0:56  Pylon  
  16  0:58  Probe (Chrono Boost)  
  16  1:05  Probe  
  17  1:17  Probe (Chrono Boost)  
  18  1:24  Assimilator  
  18  1:29  Probe (Chrono Boost)  
  19  1:37  Probe (Chrono Boost)  
  20  1:42  Cybernetics Core  
  20  1:43  Zealot (Chrono Boost)  
  20  1:47  Probe  
  23  1:59  Probe  
  24  2:11  Probe  
  25  2:18  Stargate  
  25  2:21  Warp Gate (Chrono Boost)  
  25  2:24  Mothership Core  
  27  2:45  Probe  
  27  2:51  Robotics Facility  
  28  2:53  Pylon  
  28  2:57  Probe  
  27  3:12  Oracle (Chrono Boost)  
  27  3:13  Nexus  
  27  3:15  Probe  
  31  3:26  Pylon  
  32  3:41  Immortal (Chrono Boost)  
  35  3:42  Probe  
  36  3:54  Probe  
  37  4:03  Void Ray (Chrono Boost)  
  37  4:07  Probe  
  42  4:20  Assimilator  
  42  4:22  Assimilator  
  42  4:24  Pylon  
  39  5:02  Pylon  
  39  5:06  Probe  
  38  5:14  Pylon  
Tags
 
Add a new tag
Caveats
  • Supply blocks, unpowered buildings, or Contaminate may cause inaccurate times.
  • Supply counts are checked every 10 seconds.